 Dungeon Crawl Stone Soup version 0.18.1-48-g4cf74bf (webtiles) character file.

38 Wander the Skirmisher (level 3, 17/39 HPs)
             Began as an Ogre Wanderer on Sept 9, 2016.
             Quit the game on level 2 of the Dungeon.
             The game lasted 00:01:45 (1367 turns).

Wander the Skirmisher (Ogre Wanderer)               Turns: 1367, Time: 00:01:45

Health: 17/39      AC:  5    Str: 13    XL:     3   Next: 43%
Magic:  3/3        EV:  9    Int: 12    God:
Gold:   59         SH:  0    Dex:  8    Spells: 0 memorised, 2 levels left

rFire  . . .     SeeInvis +     a - +2 dagger
rCold  . . .     Gourm    .     o - +2 robe "Plog" {MR+ Str-5 Slay+2 SInv}
rNeg   . . .     Faith    .     (no shield)
rPois  .         Spirit   .     (helmet restricted)
rElec  .         Dismiss  .     (no cloak)
rCorr  .         Reflect  .     (gloves unavailable)
SustAt .         Harm     .     (boots unavailable)
MR     +....                    (no amulet)
Stlth  ++........               (no ring)
                                (no ring)

@: mildly poisoned (17 -> 14), somewhat resistant to hostile enchantments,
unstealthy
A: unfitting armour, tough skin 1
a: no special abilities


You were on level 2 of the Dungeon.
You were very hungry.

You visited 1 branch of the dungeon, and saw 2 of its levels.

You collected 59 gold pieces.

Inventory:

Hand Weapons
 a - a +2 dagger (weapon)
 c - a +0 hand axe
Armour
 d - a +0 robe
 h - a +1 robe of magic resistance
 o - the +2 robe "Plog" (worn) {MR+ Str-5 Slay+2 SInv}
   (You found it on level 1 of the Dungeon)

   It affects your strength (-5).
   It affects your accuracy and damage with ranged weapons and melee attacks
   (+2).
   It affects your resistance to hostile enchantments.
   It lets you see invisible.
Scrolls
 b - a scroll of blinking
 g - 3 scrolls of identify {unknown}
 j - 2 scrolls of remove curse {unknown}
 m - a scroll of random uselessness {unknown}
 p - a scroll of teleportation {unknown}
Potions
 e - a potion of flight {unknown}
 k - a potion of haste {unknown}
 n - a potion of mutation {unknown}
 q - a potion of heal wounds {unknown}
 r - 2 potions of degeneration {unknown}
 s - 2 potions of curing {unknown}
Comestibles
 f - a bread ration
 i - 2 meat rations
 l - a royal jelly


   Skills:
 - Level 4.0 Fighting
 - Level 1.3 Axes
   Level 1.0 Staves
 - Level 1.0 Dodging
 * Level 3.2 Stealth
   Level 1.0 Shields


You had 2 spell levels left.
You didn't know any spells.

Dungeon Overview and Level Annotations

Branches:
Dungeon (2/15)

Altars:
Okawaru


Innate Abilities, Weirdness & Mutations

You are too large for most types of armour.
You have tough skin (AC +1).


Message History

No target in view!
No target in view!
No target in view!
No target in view!
No target in view!
No target in view!
No target in view!
No target in view!
No target in view!
No target in view!
No target in view!
No target in view!
Unknown command.
New annotation for D:2 (include '!' for warning):
Okay, then.
Unknown command.
Unknown command.
Are you sure you want to abandon this character and quit the game? (Confirm with "yes".)
Okay, then.
Are you sure you want to abandon this character and quit the game? (Confirm with "yes".)

#######.###.....#
#....#.# ##†....## .#
#..#.#.# #...#...##.#
#......# #...###...#.#
#.##.### #............#
#.#...# #..#.).).#...#
#.#.#.###
#.##.._..##..###...#...#
#..#.).).#.......#####.#
. .......@...###...#.[.#
....###...#######.#.#####
##.. #.............<.(...
## .....########...#####
##.##.# ##.## .. #.# #.
.. ..# .. ### ### #.. #..


There were no monsters in sight!

Vanquished Creatures
  2 adders (D:2)
  2 dart slugs (D:1)
  A giant gecko (D:2)
  A giant cockroach (D:1)
  2 goblins (D:2)
  2 hobgoblins (D:2)
  2 jackals (D:1)
  2 bats (D:1)
  2 kobolds (D:1)
16 creatures vanquished.

Notes
Turn   | Place    | Note
--------------------------------------------------------------
     0 | D:1      | Wander the Ogre Wanderer began the quest for the Orb.
     0 | D:1      | Wander set off with: a +2 dagger, a scroll of blinking, a +0 hand axe, a +0 robe, a bread ration
     0 | D:1      | Reached XP level 1. HP: 24/24 MP: 1/1
   368 | D:1      | Reached XP level 2. HP: 32/32 MP: 2/2
  1119 | D:1      | Got a steaming robe
  1130 | D:1      | Identified the +2 robe "Plog" {MR+ Str-5 Slay+2 SInv} (You found it on level 1 of the Dungeon)
  1346 | D:2      | Reached XP level 3. HP: 34/39 MP: 3/3
  1350 | D:2      | Found an iron altar of Okawaru.
  1367 | D:2      | Quit the game

Skill      XL: |  1  2 |
---------------+-------+-----
Stealth        | 2 3 |  3.2
Fighting       | |  4.0
Axes           | |  1.3
Staves         | |  1.0
Dodging        | |  1.0
Shields        | |  1.0

Action                   || total
-------------------------++-------
Melee: Dagger            ||    89
 Stab: Sleeping          ||     1
Armor: Robe              ||    27
Dodge: Dodged            ||    46
